 Dungeon Sprint DCSS version 0.18-a0-1347-gb9e2fb4 (webtiles) character file.

10824 Kidiri the Tortoise (level 11, -11/104 HPs)
             Began as a Minotaur Fighter on Feb 17, 2016.
             Was a High Priest of Okawaru.
             Killed from afar by an efreet (20 damage)
             ... with a bolt of fire
             ... in the Dungeon (Sprint VII: "The Pits").
             The game lasted 00:11:06 (3055 turns).

Kidiri the Tortoise (Minotaur Fighter)              Turns: 3055, Time: 00:11:06

Health: -11/104    AC: 25    Str: 23    XL:     11   Next: 41%
Magic:  12/17      EV: 17    Int:  8    God:    Okawaru [*****.]
Gold:   0          SH: 16    Dex: 11    Spells: 0 memorised, 10 levels left

rFire  . . .     SeeInvis .     a - +0 mace (crush)
rCold  . . .     Gourm    .     e - +2 plate armour
rNeg   . . .     Faith    .     c - +0 shield
rPois  .         Spirit   .     (helmet restricted)
rElec  .         Dismiss  .     (no cloak)
rCorr  .         Reflect  .     w - +0 pair of gloves
SustAt .         Harm     .     v - +0 pair of boots
MR     .....     NoTele   +     (no amulet)
Stlth  ..........               s - +3 ring of intelligence
                                r - +3 ring of evasion

@: lethally poisoned (-11 -> -12), heroism, finesse, not resistant to hostile
enchantments, extremely unstealthy
A: retaliatory headbutt, horns 2
a: Heroism, Finesse, Renounce Religion


You were in the Dungeon.
You worshipped Okawaru.
Okawaru was extremely pleased with you.
You were completely stuffed.

You visited 1 branch

Inventory:

Hand Weapons
 a - a +0 mace of crushing (weapon)
Armour
 c - a +0 shield (worn)
 e - a +2 plate armour (worn)
 v - a +0 pair of boots (worn)
 w - a +0 pair of gloves (worn)
Jewellery
 r - a +3 ring of evasion (left hand)
 s - a +3 ring of intelligence (right hand)
Scrolls
 o - 3 scrolls of remove curse
 p - 5 scrolls of amnesia
Potions
 b - a potion of curing
 d - a potion of brilliance
 h - 3 potions of haste
 i - 4 potions of magic
 j - 2 potions of berserk rage
 n - 2 potions of invisibility
 t - a potion of agility
 u - a potion of might
Comestibles
 f - 8 bread rations
 l - 40 fruits
 m - 4 meat rations


   Skills:
 + Level 12.1(17.1) Fighting
 * Level 15.6(20.6) Maces & Flails
 * Level 15.9(20.9) Armour
 + Level 10.7(15.7) Dodging
 * Level 15.7(20.7) Shields
 + Level 9.6 Invocations


You had 10 spell levels left.
You didn't know any spells.

Dungeon Overview and Level Annotations

Branches:
Dungeon (1/1)

Altars:
Ashenzari
Cheibriados
Dithmenos
Elyvilon
Fedhas
Gozag
Kikubaaqudgha
Makhleb
Nemelex Xobeh
Okawaru
Pakellas
Qazlal
Ru
Sif Muna
Trog
Vehumet
Xom
Yredelemnul
Zin
The Shining One
Beogh
Jiyva
Lugonu


Innate Abilities, Weirdness & Mutations

You reflexively headbutt those who attack you in melee.
You have a pair of horns on your head.


Message History

The arrow hits you but does no damage.
You hit the jumping spider but do no damage.
The jumping spider is moderately wounded.
You sock the jumping spider!
The jumping spider is severely wounded.
You block the jumping spider's attack. x2
Unknown command.
You sock the jumping spider!
You kill the jumping spider!
Okawaru accepts your kill.
You feel sick.
The naga sharpshooter casts a spell.
The naga sharpshooter magically shoots an arrow.
The arrow hits you!
* * * LOW HITPOINT WARNING * * *
The arrow freezes you.
* * * LOW HITPOINT WARNING * * *
The efreet gestures at you. The bolt of fire hits you!
You die...

............# #####++######
...##++################
...##..#..O.§.........#
...##..##.§RJ§O........# #.
...##..####§§.#§######... r.
...##).#..#####R##...##'##
#y
...##..#....##...#..§#...#Sy
...##.)+.....#..@#...#N..#N.
#####..+.....+..['N[.'...'.T
#####..+.....#...#...#..y#..
..[##..#....##...#...#9NT#
.[.##..#..#####.##...##(##
.))##..####...#+######(..##
.))##..##............(.#..#
.))##..#..............###..#
####################### ####


You could see a naga sharpshooter, an efreet and an ogre.

Vanquished Creatures
  An angel (D)
  A shadow wraith (D)
  2 sea snakes (D)
  A swamp dragon (D)
  A flayed ghost (D)
  2 deep trolls (D)
  A lindwurm (D)
  A griffon (D)
  A black mamba (D)
  A naga mage (D)
  2 spiny frogs (D)
  A gargoyle (D)
  A kobold demonologist (D)
  A red devil (D)
  A giant leech (D)
  A jumping spider (D)
  3 blink frogs (D)
  A boulder beetle (D)
  A wraith (D)
  A large abomination (D)
  3 vampire mosquitoes (D)
  2 hungry ghosts (D)
  A naga (D)
  A soldier ant (D)
  A wolf (D)
  Purgy (D)
  2 porcupines (D)
  A necrophage (D)
  An ogre (D)
  A centaur (D)
  A scorpion (D)
  A killer bee (D)
  4 wights (D)
  2 crimson imps (D)
  A jelly (D)
  An iguana (D)
  A worker ant (D)
  2 mummies (D)
  An adder (D)
  2 oozes (D)
  A worm (D)
  2 ball pythons (D)
  A ball python skeleton (D)
  2 giant newts (D)
  A quokka skeleton (D)
  A rat (D)
63 creatures vanquished.

Vanquished Creatures (others)
  A blink frog (D)
  A wolf (D)
2 creatures vanquished.

Grand Total: 65 creatures vanquished

Notes
Turn   | Place    | Note
--------------------------------------------------------------
     0 | D        | Kidiri the Minotaur Fighter began the quest for the Orb.
     0 | D        | Reached XP level 1. HP: 19/19 MP: 0/0
    13 | D        | Reached skill level 4 in Fighting
    13 | D        | Reached skill level 1 in Dodging
    13 | D        | Reached XP level 2. HP: 20/27 MP: 1/1
    43 | D        | Found a sacrificial altar of Ru.
    43 | D        | Found a basalt altar of Yredelemnul.
    43 | D        | Found a shadowy altar of Dithmenos.
    43 | D        | Found a deep blue altar of Sif Muna.
    43 | D        | Found a burning altar of Makhleb.
    43 | D        | Found a shimmering altar of Xom.
    43 | D        | Found an ancient bone altar of Kikubaaqudgha.
    43 | D        | Found a sparkling altar of Nemelex Xobeh.
    44 | D        | Found a glowing golden altar of the Shining One.
    44 | D        | Found a bloodstained altar of Trog.
    44 | D        | Found a shattered altar of Ashenzari.
    44 | D        | Found a white marble altar of Elyvilon.
    44 | D        | Found a snail-covered altar of Cheibriados.
    44 | D        | Found a blossoming altar of Fedhas.
    44 | D        | Found a radiant altar of Vehumet.
    44 | D        | Found a glowing silver altar of Zin.
    44 | D        | Found a corrupted altar of Lugonu.
    44 | D        | Found a viscous altar of Jiyva.
    44 | D        | Found a roughly hewn altar of Beogh.
    44 | D        | Found an iron altar of Okawaru.
    45 | D        | Found an oddly glowing altar of Pakellas.
    50 | D        | Found a stormy altar of Qazlal.
    50 | D        | Found an opulent altar of Gozag.
    53 | D        | Became a worshipper of Warmaster Okawaru
   187 | D        | Reached skill level 5 in Armour
   187 | D        | Reached skill level 5 in Shields
   187 | D        | Reached skill level 1 in Invocations
   187 | D        | Reached XP level 3. HP: 23/34 MP: 1/3
   377 | D        | Noticed Purgy
   395 | D        | Killed Purgy
   395 | D        | Reached * piety under Okawaru
   395 | D        | Reached skill level 5 in Fighting
   395 | D        | Reached skill level 6 in Maces & Flails
   395 | D        | Reached skill level 7 in Armour
   395 | D        | Reached XP level 4. HP: 31/42 MP: 3/5
   395 | D        | Reached XP level 5. HP: 36/49 MP: 3/6
   434 | D        | Noticed a sea snake
   448 | D        | HP: 1/50 [sea snake (9)]
   453 | D        | Killed a sea snake
   453 | D        | Reached ** piety under Okawaru
   453 | D        | Reached *** piety under Okawaru
   453 | D        | Reached skill level 9 in Maces & Flails
   453 | D        | Reached skill level 10 in Armour
   453 | D        | Reached skill level 10 in Shields
   453 | D        | Reached skill level 5 in Invocations
   453 | D        | Reached XP level 6. HP: 35/61 MP: 4/8
   453 | D        | Reached XP level 7. HP: 38/67 MP: 4/9
   606 | D        | Reached skill level 10 in Maces & Flails
   734 | D        | Noticed a hungry ghost
   734 | D        | Noticed a lindwurm
   734 | D        | Noticed a red devil
   750 | D        | Killed a hungry ghost
   750 | D        | Reached XP level 8. HP: 53/74 MP: 7/11
   757 | D        | Killed a lindwurm
   757 | D        | Reached **** piety under Okawaru
   757 | D        | Reached skill level 11 in Maces & Flails
   763 | D        | Killed a red devil
  1266 | D        | Noticed a spiny frog
  1280 | D        | Killed a spiny frog
  1280 | D        | Reached XP level 9. HP: 56/83 MP: 12/12
  1282 | D        | Reached skill level 12 in Armour
  1399 | D        | Noticed a giant leech
  1402 | D        | Noticed an angel
  1402 | D        | Noticed a deep troll
  1420 | D        | Killed a giant leech
  1468 | D        | Killed an angel
  1468 | D        | Reached ***** piety under Okawaru
  1468 | D        | Reached skill level 10 in Fighting
  1468 | D        | Reached skill level 13 in Armour
  1470 | D        | Noticed a shadow wraith
  1516 | D        | Killed a shadow wraith
  1516 | D        | Reached XP level 10. HP: 39/93 MP: 8/14
  1540 | D        | Killed a deep troll
  2006 | D        | Reached skill level 14 in Armour
  2178 | D        | Noticed a swamp dragon
  2179 | D        | Noticed a sea snake
  2181 | D        | Noticed a gargoyle
  2181 | D        | Noticed a flayed ghost
  2181 | D        | Noticed a naga mage
  2185 | D        | Noticed a deep troll
  2191 | D        | Killed a flayed ghost
  2198 | D        | Killed a swamp dragon
  2198 | D        | Received a gift from Okawaru
  2204 | D        | Noticed a naga sharpshooter
  2205 | D        | Killed a sea snake
  2205 | D        | Reached skill level 10 in Dodging
  2210 | D        | Noticed a black mamba
  2264 | D        | Reached skill level 15 in Armour
  2264 | D        | Reached XP level 11. HP: 24/102 MP: 8/16
  2293 | D        | Killed a deep troll
  2293 | D        | Reached skill level 15 in Shields
  2302 | D        | Reached skill level 15 in Maces & Flails
  3023 | D        | Noticed a griffon
  3049 | D        | Killed a griffon
  3055 | D        | Killed from afar by an efreet

Vault maps used:
D:        pitsprint

Action                   |  1- 3 |  4- 6 |  7- 9 | 10-12 || total
-------------------------+-------+-------+-------+-------++-------
Melee: Flail             |    38 |       |       |       ||    38
       Mace              |    12 |    24 |   138 |   217 ||   391
Invok: Heroism           |       |     2 |     7 |     6 ||    15
       Finesse           |       |       |     1 |     5 ||     6
  Use: Potion            |     2 |     3 |     6 |     6 ||    17
       Scroll            |       |       |     2 |       ||     2
  Eat: Chunk             |       |       |     2 |     3 ||     5
       Meat ration       |       |       |     1 |     2 ||     3
